 Dungeon Crawl Stone Soup version 0.29-a0-876-gfc89b1a5bd (webtiles) character file.

Game seed: 2207759979730535371

2188 ragingrage the Skirmisher (level 9, -1/64 HPs)
             Began as a Formicid Abyssal Knight on July 19, 2022.
             Was a High Priest of Lugonu.
             Slain by a swamp worm (3 damage)
             ... on level 7 of the Dungeon.
             The game lasted 00:10:13 (7980 turns).

ragingrage the Skirmisher (Formicid Abyssal Knight) Turns: 7980, Time: 00:10:13

Health: -1/64      AC: 10    Str: 26    XL:     9   Next: 59%
Magic:  10/10      EV:  8    Int: 10    God:    Lugonu [*****.]
Gold:   545        SH:  0    Dex: 16    Spells: 8/8 levels left

rFire   . . .      SeeInvis +   b - +2 shortbow (flame)
rCold   . . .      Faith    .   (no shield)
rNeg    . . .      Spirit   .   C - +0 chain mail
rPois   .          Reflect  +   (helmet unavailable)
rElec   .          Harm     .   F - +1 cloak
rCorr   .          Rampage  .   (no gloves)
Will    .....                   (no boots)
Stlth   ..........              y - amulet of reflection
HPRegen 0.20/turn               v - +6 ring of strength
MPRegen 0.12/turn               (no ring)

@: confused, ambrosia-drunk
A: permanent stasis, dig shafts and tunnels, antennae 3, four strong arms
a: Dig, Shaft Self, Renounce Religion, Depart the Abyss, Bend Space, Banish,
Corrupt, Enter the Abyss


You were on level 7 of the Dungeon.
You worshipped Lugonu.
Lugonu was extremely pleased with you.
You visited 1 branch of the dungeon, and saw 7 of its levels.
You visited the Abyss 1 time.
You also visited: Sewer.

You collected 545 gold pieces.

Inventory:

Hand Weapons
 a - the +11 whip "Zueggaiff" {protect, rElec Int+4 Dex+2 SInv}
   (You found it on level 3 of the Dungeon)

   It grants its wielder temporary protection when it strikes (+7 to AC).
   Int:       It affects your intelligence (+4).
   Dex:       It affects your dexterity (+2).
   rElec:     It insulates you from electricity.
   SInv:      It lets you see invisible.
 b - a +2 shortbow of flaming (weapon)
 s - a +1 hand axe of protection
 A - a +2 sling of freezing
Missiles
 j - 5 boomerangs of dispersal
 t - 6 poisoned darts
Armour
 C - a +0 chain mail (worn)
 F - a +1 cloak (worn)
Jewellery
 v - a +6 ring of strength (left hand)
 y - an amulet of reflection (around neck)
Wands
 p - a wand of flame (29)
Scrolls
 e - 2 scrolls of enchant weapon
 f - 3 scrolls of immolation
 g - a scroll of magic mapping
 i - 4 scrolls of fog
 k - a scroll of noise
 l - a scroll of enchant armour
 m - a scroll of brand weapon
 r - 3 scrolls of identify
 w - a scroll of vulnerability
 D - a scroll of summoning {unknown}
 E - a scroll of amnesia {unknown}
Potions
 c - 2 potions of flight
 h - 5 potions of curing
 n - a potion of magic
 o - a potion of heal wounds {unknown}
 q - 2 potions of resistance
 x - a potion of degeneration {unknown}
 z - 3 potions of brilliance
 B - a potion of might {unknown}
 G - a potion of attraction {unknown}


   Skills:
 - Level 3.4 Fighting
 + Level 8.3 Axes
 * Level 8.9 Ranged Weapons
 - Level 2.3 Armour
 - Level 1.1 Dodging
 - Level 2.3 Invocations


You had 8 spell levels left.
You didn't know any spells.
Your spell library contained the following spells:

 Spells                   Type           Power      Damage    Failure   Level
 Apportation              Tloc           0%         N/A       94%         1
 Shock                    Conj/Air       0%         1d3       94%         1
 Sting                    Tmut/Pois      0%         1d3       94%         1
 Poisonous Vapours        Pois/Air       0%         N/A       98%         2
 Olgreb's Toxic Radiance  Pois           0%         N/A       100%        4


Dungeon Overview and Level Annotations

Branches:
Dungeon (7/15)             Temple (0/1) D:5           Sewer (visited)

Altars:
Cheibriados
Kikubaaqudgha
Nemelex Xobeh
Okawaru
Qazlal
Sif Muna
Trog

Annotations:
D:7 1 exclusion


Innate Abilities, Weirdness & Mutations

You cannot be hasted, slowed, berserked, paralysed or teleported.
You can dig through walls and to a lower floor.
You have a pair of large antennae on your head. (SInv)
Your four strong arms can wield two-handed weapons with a shield.


Message History

You shoot an arrow.
The arrow closely misses the swamp worm.
A nearby plant withers and dies.
The swamp worm bites you!
Fire: b) +2 shortbow (flame)
Press: ? - help, Q - select action, (/) - cycle Shift-Dir - straight line, f/p - swamp worm
Aim: a swamp worm (moderately wounded, 61% to hit)
You shoot an arrow. The arrow barely misses the swamp worm.
You block the swamp worm's attack. The swamp worm barely misses you.
Space bends violently around you!
You blink.
Fire: b) +2 shortbow (flame)
Press: ? - help, Q - select action, (/) - cycle Shift-Dir - straight line, f/p - swamp worm
Aim: a swamp worm (moderately wounded, 61% to hit)
You shoot an arrow. The arrow hits the swamp worm!
The arrow burns the swamp worm.
The swamp worm is severely wounded.
The swamp worm fires a harpoon shot at you.
The harpoon shot hits you!
* * * LOW HITPOINT WARNING * * *
You are yanked forward by the harpoon shot.
The swamp worm completely misses you.
Fire: b) +2 shortbow (flame)
Press: ? - help, Q - select action, (/) - cycle Shift-Dir - straight line, f/p - swamp worm
Aim: a swamp worm (severely wounded, 61% to hit)
You shoot an arrow.
The arrow hits the swamp worm but does no damage.
The swamp worm is severely wounded.
The swamp worm bites you but does no damage.
It was a potion of magic.
Magic courses through your body. You block the swamp worm's attack.
Okay, then.
The swamp worm attacks as you move away!
The swamp worm bites you!
* * * LOW HITPOINT WARNING * * *
Unknown command.
It was a potion of ambrosia.
You are confused.
You feel invigorated. The swamp worm bites you.
* * * LOW HITPOINT WARNING * * *
The swamp worm bites you.
You die...

##.....## ....≈≈≈≈≈## ...≈≈≈≈≈≈≈#
...≈≈P≈≈≈≈#### ..≈≈##≈##≈≈..#
###############
.≈≈≈#w≈{#≈≈≈.####....?.......<###
.≈≈##≈{ ##≈≈...##.............#..
.≈≈#≈≈ {#≈≈...##.............#.#
[≈≈## ##≈≈..ww@................
.≈≈≈# #≈≈≈#####............##.#
..≈≈# ##≈≈....##............##.#
...≈≈###≈≈.....#########.....##.#
###≈≈≈≈≈≈≈.....# ####.....##.#
##≈≈≈≈≈......# #...........#
######.........# #...........#
#............### #...........#
#............# #............


You could see 2 swamp worms.

Vanquished Creatures
  A steam dragon (D:7)
  Menkaure (D:4)
  A water moccasin (D:5)
  Edmund (D:6)
  An orc warrior (D:6)
  A sky beast (D:7)
  A black bear (D:4)
  An ogre (D:5)
  2 centaurs (D:7)
  5 scorpions
  2 necrophages
  3 vampire bats (D:6)
  A howler monkey (D:6)
  A jelly (D:6)
  6 iguanas
  4 orc wizards
  13 adders
  2 shadow imps
  4 white imps
  4 ufetubi
  2 worms
  4 dart slugs
  14 orcs
  12 bats
  4 bat skeletons (D:6)
  3 bat zombies (D:6)
  4 endoplasms
  5 giant cockroaches
  12 goblins
  8 hobgoblins
  A jackal (D:3)
  5 quokkas
  17 ball pythons
  11 frilled lizards
  7 kobolds
  4 rats
168 creatures vanquished.

Vanquished Creatures (others)
  3 plants (D:7)
3 creatures vanquished.

Grand Total: 171 creatures vanquished

Notes
Turn   | Place    | Note
-------+----------+-------------------------------------------
     0 | Abyss:1  | ragingrage the Formicid Abyssal Knight began the quest for
                  | the Orb.
     0 | Abyss:1  | Reached XP level 1. HP: 18/18 MP: 2/2
     1 | D:1      | Escaped the Abyss
    54 | D:1      | Reached skill level 1 in Dodging
   104 | D:1      | Reached XP level 2. HP: 24/24 MP: 3/3
   129 | D:1      | Reached skill level 1 in Ranged Weapons
   229 | D:1      | Reached XP level 3. HP: 29/29 MP: 4/4
   311 | D:1      | Found a faded altar of an unknown god.
   423 | D:1      | Reached *** piety under Lugonu
   707 | D:2      | Reached XP level 4. HP: 24/35 MP: 5/5
   981 | D:2      | Found a sparkling altar of Nemelex Xobeh.
  1548 | D:3      | Identified the +11 whip "Zueggaiff" {protect, rElec Int+4
                  | Dex+2 SInv}
  1613 | D:3      | Reached XP level 5. HP: 38/41 MP: 6/6
  1887 | D:3      | Reached **** piety under Lugonu
  2212 | D:4      | Identified the +6 mace "Ybadwoz" {vamp, rN++ Str-3 Int+3
                  | Dex+4}
  2237 | D:4      | Reached XP level 6. HP: 19/47 MP: 7/7
  2461 | D:4      | Noticed a black bear
  2475 | D:4      | Killed a black bear
  2522 | D:4      | Reached XP level 7. HP: 30/52 MP: 8/8
  2727 | D:4      | You fall into a shaft and drop 3 floors!
  2841 | D:7      | Reached skill level 5 in Axes
  2841 | D:7      | Reached skill level 5 in Ranged Weapons
  3291 | D:7      | Reached XP level 8. HP: 27/58 MP: 9/9
  3793 | D:6      | Found a stormy altar of Qazlal.
  3939 | D:6      | Found a bloodstained altar of Trog.
  3969 | D:6      | Found a shimmering blue altar of Sif Muna.
  3973 | D:6      | Got Sif Muna's Tractate on Turbulent Dislocation
  3999 | D:6      | Noticed Edmund
  4006 | D:6      | Killed Edmund
  4030 | D:6      | Found a glowing drain.
  4086 | Sewer    | Entered a sewer
  4258 | Sewer    | Identified the +7 plate armour of Purpose {Harm *Corrode
                  | rN+++ Int-4}
  5144 | D:6      | Found an ancient bone altar of Kikubaaqudgha.
  5170 | D:6      | Reached XP level 9. HP: 60/64 MP: 10/10
  5206 | D:6      | Reached ***** piety under Lugonu
  5281 | D:5      | Entered Level 5 of the Dungeon
  5530 | D:5      | Found a staircase to the Ecumenical Temple.
  6120 | D:4      | Noticed Menkaure
  6126 | D:4      | Killed Menkaure
  6604 | D:5      | Found a snail-covered altar of Cheibriados.
  7534 | D:7      | Found an iron altar of Okawaru.
  7980 | D:7      | HP: 2/64 [swamp worm (6)]
  7980 | D:7      | Slain by a swamp worm

Illustrated notes

Levels and vault maps discovered:
D:1:      roderic_crossed_star, layout_loops_ring, ebering_ecumenical_altar_box
D:2:      layout_loops_ring, basic_altar
D:3:      layout_rooms, st_stairs_7
D:4:      layout_basic, nicolae_figureground_pulse, uniq_menkaure
D:5:      dreamdust_elfheim, layout_basic, slow_altar_2,
          minmay_temple_entry_slanted
D:6:      layout_basic, nzn_overflow_gifts_of_might_and_magic,
          kennysheep_vampire_church, nicolae_qazlal_eye_of_the_storm,
          cheibrodos_sewer_entry_sluice, ebering_dispersal_statue_hall,
          uniq_edmund
D:7:      layout_basic, mainiacjoe_overflow_chevrons, worms_lemuel

Skill      XL: |  1  2  3  4  5  6  7  8  9 |
---------------+----------------------------+-----
Dodging        | 1 |  1.1
Ranged Weapons | 1 2 3 4 5 7 8 |  8.9
Axes           | 3 4 5 7 8 |  8.3
Fighting       | |  3.4
Armour         | |  2.3
Invocations    | |  2.3

Action                   |  1- 3 |  4- 6 |  7- 9 || total
-------------------------+-------+-------+-------++-------
Melee: Whip              |       |    23 |    36 ||    59
       Punch             |       |       |     1 ||     1
 Fire: Sling             |    57 |   115 |    13 ||   185
       Shortbow          |       |       |   228 ||   228
Throw: Dart              |       |     4 |       ||     4
Invok: Bend Space        |       |       |     1 ||     1
 Abil: Dig               |       |       |     3 ||     3
  Use: Potion            |       |     1 |     4 ||     5
       Scroll            |       |       |    13 ||    13
Armor: Leather armour    |     7 |    21 |    16 ||    44
       Chain mail        |       |       |    75 ||    75
Dodge: Dodged            |    12 |    44 |    87 ||   143
Block: Other             |       |       |    43 ||    43
       Reflection        |       |       |     1 ||     1

Table legend: (Time is in decaauts)
 A = Elapsed time spent in this place.
 B = Non-inter-level travel time spent in this place.
 C = Inter-level travel time spent in this place.
 D = Time resting spent in this place.
 E = Time spent auto-exploring this place.
 F = Levels seen in this place.
 G = Mean time per level.
                   A        B        C        D        E       F      G
               +--------+--------+--------+--------+--------+-----+--------+
         Total |   8143 |   7714 |    429 |   1760 |   4449 |   9 |  904.8 |
       Dungeon |   7749 |   7320 |    429 |   1760 |   4161 |   7 | 1107.0 |
         Abyss |      1 |      1 |      0 |      0 |      0 |   1 |    1.0 |
         Sewer |    393 |    393 |      0 |      0 |    288 |   1 |  393.0 |
               +--------+--------+--------+--------+--------+-----+--------+

Top non-repeatable levels by time:
     D:7: 1616 daAuts
     D:5: 1462 daAuts
     D:6: 1316 daAuts
     D:4: 1289 daAuts
     D:2: 866 daAuts
     D:1: 706 daAuts
     D:3: 492 daAuts
   Sewer: 393 daAuts
 Abyss:1: 1 daAuts
